 Dungeon Crawl Stone Soup version 0.22-a0-161-g198051c (webtiles) character file.

823 wolfsongas the Grappler (level 7, -10/66 HPs)
             Began as a Troll Monk on Feb 11, 2018.
             Was a Priest of Okawaru.
             Mangled by an ogre
             ... wielding a +0 giant club
              (20 damage)
             ... on level 6 of the Dungeon.
             The game lasted 00:05:48 (4011 turns).

wolfsongas the Grappler (Troll Monk)                Turns: 4011, Time: 00:05:48

Health: -10/66     AC:  9    Str: 20    XL:     7   Next: 63%
Magic:  6/6        EV: 13    Int:  6    God:    Okawaru [***...]
Gold:   384        SH:  0    Dex: 14    Spells: 6/6 levels left

rFire    . . .     SeeInvis .     - Unarmed
rCold    . . .     Gourm    +   (no shield)
rNeg     . . .     Faith    .   a - +2 robe
rPois    .         Spirit   .   (helmet restricted)
rElec    .         Reflect  .   o - +1 cloak
rCorr    .         Harm     .   (gloves unavailable)
MR       .....                  (boots unavailable)
Stlth    ++........             (no amulet)
HPRegen  0.61/turn              k - +3 ring of evasion
MPRegen  0.10/turn              (no ring)

@: no status effects
A: large, unfitting armour, claws 3, fast metabolism 3, gourmand, regeneration
1, shaggy fur 1, tough skin 2
a: Heroism, Renounce Religion


You were on level 6 of the Dungeon.
You worshipped Okawaru.
Okawaru was most pleased with you.
You were very full.

You visited 2 branches of the dungeon, and saw 7 of its levels.

You collected 384 gold pieces.

Inventory:

Armour
 a - a +2 robe (worn)
 o - a +1 cloak (worn)
Jewellery
 k - a +3 ring of evasion (left claw)
Wands
 t - a wand of paralysis (14)
Scrolls
 c - 3 scrolls of fog
 e - 4 scrolls of remove curse
 g - 2 scrolls of blinking
 h - a scroll of fear
 m - a scroll of teleportation
 u - a scroll of identify
Potions
 d - 2 potions of agility
 f - 2 potions of curing
 i - a potion of berserk rage {unknown}
 j - a potion of degeneration {unknown}
 l - a potion of might {unknown}
 p - a potion of lignification {unknown}
 q - a potion of resistance {unknown}
 r - a potion of flight {unknown}
Comestibles
 b - 11 rations


   Skills:
 - Level 2.4 Fighting
 - Level 2.4 Dodging
 - Level 1.0 Stealth
 * Level 9.2 Unarmed Combat


You had 6 spell levels left.
You didn't know any spells.

Dungeon Overview and Level Annotations

Branches:
Dungeon (6/15)             Temple (1/1) D:4

Altars:
Ashenzari
Cheibriados
Dithmenos
Elyvilon
Fedhas
Gozag
Hepliaklqana
Kikubaaqudgha
Makhleb
Nemelex Xobeh
Okawaru
Qazlal
Ru
Sif Muna
Trog
Uskayaw
Vehumet
Wu Jian
Xom
Yredelemnul
Zin
The Shining One


Innate Abilities, Weirdness & Mutations

You are too large for most types of armour.
You have claws for hands.
Your metabolism is lightning-fast.
You like to eat raw meat.
Your natural rate of healing is unusually fast.
You are covered in fur. (AC +1)
You have very tough skin. (AC +2)


Message History

The puff of frost hits you! Blork the orc closely misses you.
You closely miss Blork the orc.
Blork the orc is heavily wounded.
The ogre misses you. Blork the orc closely misses you.
You barely miss Blork the orc.
Blork the orc is heavily wounded.
Blork the orc casts a spell at you. The puff of frost hits you!
The ogre hits you with a giant club!
* * * LOW HITPOINT WARNING * * *
You feel better. Blork the orc casts a spell at you.
The puff of flame hits you!
* * * LOW HITPOINT WARNING * * *
You claw Blork the orc!
You kill Blork the orc!
Okawaru accepts your kill.
Okawaru will gift you ammunition as your piety grows.
You hear the slow hiss of a distant avalanche of sand.
The ogre hits you with a giant club!!
You die...

###.#..........
#............. .#
#...#.....#..##. .###
##.............. .....
#..........#..##......
#.....................
###.#..#.(#.$#..##...#..
.................O......
###.#.##.....#..@)S.....
#.#.##..#..#.###...###
#.#.#.................
#.#.#.#.#..#.###...###
#.#.#.#.#.....) ...
#.....#.#.##..... #.
#.#................
###.###.#.#.##.###..>
#.........#.##.# .#.


You could see an ogre and an adder.

Vanquished Creatures
  A phantom (D:4)
  An ogre (D:4)
  Blork the orc (D:6)
  2 scorpions
  A crimson imp (D:6)
  A jelly (D:5)
  2 hounds
  An orc wizard (D:5)
  Jessica (D:2)
  2 iguanas
  3 worker ants (D:4)
  4 gnolls (D:5)
  7 adders
  A shadow imp (D:6)
  2 worms (D:2)
  A dart slug (D:1)
  2 leopard geckos
  5 orcs
  A ball python (D:5)
  4 giant cockroaches
  7 goblins
  A hobgoblin (D:2)
  5 jackals
  A quokka (D:4)
  5 bats
  5 frilled lizards
  8 kobolds
  4 rats
79 creatures vanquished.

Vanquished Creatures (others)
  A bat (D:1)
1 creature vanquished.

Grand Total: 80 creatures vanquished

Notes
Turn   | Place    | Note
-------+----------+-------------------------------------------
     0 | D:1      | wolfsongas the Troll Monk began the quest for the Orb.
     0 | D:1      | Reached XP level 1. HP: 22/22 MP: 0/0
    93 | D:1      | Reached XP level 2. HP: 29/29 MP: 1/1
   317 | D:1      | Reached skill level 4 in Unarmed Combat
   828 | D:2      | Reached XP level 3. HP: 36/36 MP: 2/2
  1093 | D:2      | Reached skill level 5 in Unarmed Combat
  1093 | D:2      | Reached XP level 4. HP: 35/44 MP: 3/3
  1287 | D:2      | Noticed Jessica
  1292 | D:2      | Killed Jessica
  1713 | D:3      | Found a sacrificial altar of Ru.
  1961 | D:3      | Found a burning altar of Makhleb.
  1964 | D:3      | Reached XP level 5. HP: 50/50 MP: 4/4
  2140 | D:4      | Reached skill level 6 in Unarmed Combat
  2565 | D:4      | Found a staircase to the Ecumenical Temple.
  2589 | Temple   | Entered the Ecumenical Temple
  2597 | Temple   | Became a worshipper of Warmaster Okawaru
  2597 | Temple   | Reached * piety under Okawaru
  2597 | Temple   | Reached ** piety under Okawaru
  2887 | D:4      | Reached XP level 6. HP: 45/59 MP: 5/5
  3045 | D:4      | Reached skill level 7 in Unarmed Combat
  3206 | D:5      | Entered Level 5 of the Dungeon
  3355 | D:5      | Reached skill level 8 in Unarmed Combat
  3405 | D:5      | Reached XP level 7. HP: 64/66 MP: 6/6
  3965 | D:6      | Reached skill level 9 in Unarmed Combat
  3999 | D:6      | Noticed Blork the orc
  4011 | D:6      | Killed Blork the orc
  4011 | D:6      | Reached *** piety under Okawaru
  4011 | D:6      | Mangled by an ogre

Vault maps used:
D:1:      minmay_arrival_diagonal_passages, st_stairs_4
D:2:      first_ration, uniq_jessica
D:3:      makhleb_blood_cavern_becter, nicolae_ru_sacrificial_ziggurat
D:4:      minmay_temple_entry_mist
D:5:      feat_on_display
D:6:      nicolae_ossuary_entry_plus, serial_shops, shop, uniq_blork_the_orc,
          uniq_prince_ribbit1, uniq_duvessa
Temple:   compressed_dpeg_triangle_lava_temple

Skill      XL: |  1  2  3  4  5  6  7 |
---------------+----------------------+-----
Unarmed Combat | 4 5 6 8 9 |  9.2
Fighting       | |  2.4
Dodging        | |  2.4
Stealth        | |  1.0

Action                   |  1- 3 |  4- 6 |  7- 9 || total
-------------------------+-------+-------+-------++-------
Melee: Unarmed           |    98 |    96 |    36 ||   230
       Punch             |       |     2 |     2 ||     4
  Use: Scroll            |     5 |     5 |     2 ||    12
       Potion            |     1 |       |     1 ||     2
 Stab: Sleeping          |     1 |     2 |     1 ||     4
  Eat: Chunk             |    15 |    22 |     4 ||    41
Armor: Robe              |    30 |    37 |     2 ||    69
Dodge: Dodged            |    47 |    45 |    20 ||   112

Table legend:
 A = Spawn XP
 B = Non-spawn XP
 C = Spawn XP percentage of total XP
 D = Spawn monster count
 E = Non-spawn monster count
 F = Spawn count percentage of total count
 G = Total turns spent on level
                    A         B        C        D         E        F      G
               +---------+---------+-------+---------+---------+-------+---------
         Total |       0 |    1176 |   0.0 |       0 |      79 |   0.0 |  4011
               +---------+---------+-------+---------+---------+-------+---------
           D:1 |       0 |      30 |   0.0 |       0 |      17 |   0.0 |   679
           D:2 |       0 |     124 |   0.0 |       0 |      21 |   0.0 |   831
           D:3 |       0 |      74 |   0.0 |       0 |      11 |   0.0 |   626
           D:4 |       0 |     420 |   0.0 |       0 |      12 |   0.0 |   785
           D:5 |       0 |     299 |   0.0 |       0 |      14 |   0.0 |   702
           D:6 |       0 |     229 |   0.0 |       0 |       4 |   0.0 |   103
               +---------+---------+-------+---------+---------+-------+---------
